AoeStats
← JamesRowle

Four Lakes

508734327Analyzed
1v1 RM · 9d ago on Sep 23, 2026· 24m 26s· 2 players
Game mode
Random Map
Map size
Tiny (2 player)
Population
200
Speed
Normal
Resources
Standard
Victory
Conquest
Starting age
Dark Age
Ending age
Imperial Age
RankedLock teamsTeams togetherTeam positionsShared explorationLock speedFull tech treeHidden civsTurbo modeCheats
Victory
Defeat
🇦🇷 Lithuanians · Argentina
1257
+17
🇩🇪 Varangians · Germany
1288
-17
CORP_Gato
8:13 Loom
10:50 Feudal Age
12:08 Double-Bit Axe
15:29 Castle Age
13:54 Scale Barding Armor
14:27 Bloodlines
15:35 Forging
16:40 Chain Barding Armor
19:03 Wheelbarrow
19:10 Husbandry
21:45 Wheelbarrow
20:57 Town Watch
22:06 Iron Casting
JamesRowle
6:39 Loom
9:19 Feudal Age
10:35 Wheelbarrow
14:37 Castle Age
16:23 Bloodlines
16:24 Husbandry
17:55 Double-Bit Axe
19:27 Scale Barding Armor
20:06 Bow Saw
20:10 Forging
22:06 Gold Mining
21:59 Horse Collar
24:59 Chain Barding Armor
Connection lost

Rejoining the realm…

Still unreachable

The connection could not be restored.

Session expired

The server has moved on; the page needs a fresh start.